Match 41457510
Unlisted

Match 41457510
End
Construct Infanterie Kompanie
Pioneer Squad
Selects Terror Battlegroup
Selects Machine Gun Camouflage
MG 42 Machine Gun Team
Grenadier Squad
Construct Luftwaffe Kompanie
Selects Contempt for the Weak
Jäger Squad
221 Scout Car
Luftwaffe Officer Quarters
Jäger Squad
Support Elements
Wirbelwind Flakpanzer
Medical Bunker
Marder III M Tank Destroyer
Wirbelwind Flakpanzer
Marder III M Tank Destroyer
Selects Defend the Fatherland
Marder III M Tank Destroyer
Selects King Tiger Heavy Tank
King Tiger Heavy Tank
221 Scout Car
Marder III M Tank Destroyer
Hunter
Dave
3rdDUI
BananaInPajamas
0
0

Comments sign in to comment!

No comments posted yet!